 Dungeon Crawl Stone Soup version 0.30.0-29-ga12c61a403 (webtiles) character file.

Game seed: 6236926242022984978

86 seaoflcl the Trooper (level 4, -9/36 HPs)
             Began as a Human Fighter on June 4, 2023.
             Killed by divine providence
             ... invoked by an orc priest
              (16 damage)
             ... on level 3 of the Dungeon.
             The game lasted 00:04:27 (2614 turns).

seaoflcl the Trooper (Human Fighter)                Turns: 2614, Time: 00:04:28

Health: -9/36      AC:  6    Str: 19    XL:     4   Next: 78%
Magic:  4/4        EV:  9    Int:  8    God:
Gold:   134        SH:  4    Dex: 12    Spells: 3/3 levels left

rFire   x . .        a - +0 long sword
rCold   + . .        c - +0 buckler
rNeg    . . .        b - +0 scale mail
rPois   .            (no helmet)
rElec   .            (no cloak)
rCorr   .            (no gloves)
SInv    .            (no boots)
Will    .....        (no amulet) Stlth
                     h - ring of ice
HPRegen 0.26/turn    (no ring)
MPRegen 0.09/turn

%: no passive effects
@: no status effects
A: no striking features
a: no special abilities


You were on level 3 of the Dungeon.
You visited 1 branch of the dungeon, and saw 3 of its levels.

You collected 134 gold pieces.

Inventory:

Hand Weapons
 a - a +0 long sword (weapon)
 k - a +2 sling of draining
Missiles
 n - 9 stones (quivered)
Armour
 b - a +0 scale mail (worn)
 c - a +0 buckler (worn)
Jewellery
 h - a ring of ice (left hand)
Scrolls
 e - a scroll of fog {unknown}
 f - a scroll of fear {unknown}
 i - 2 scrolls of teleportation {unknown}
 j - a scroll of identify {unknown}
 o - a scroll of immolation {unknown}
Potions
 d - a potion of might
 g - a potion of mutation {unknown}
 l - a potion of haste {unknown}
 m - 2 potions of flight {unknown}


   Skills:
 + Level 3.6 Fighting
 + Level 3.1 Long Blades
 * Level 0.6 Ranged Weapons
 + Level 3.4 Armour
 + Level 0.3 Dodging
 + Level 3.3 Shields


You had 3 spell levels left.
You didn't know any spells.
Your spell library was empty.

Dungeon Overview and Level Annotations

Branches:
Dungeon (3/15)

Altars:

Shops:
D:2 [


Message History

There is an open door here.
There is an open door here.
A rat, an orc, an orc priest and an orc wizard come into view.
The orc shouts!
The orc priest shouts!
The orc wizard shouts!
You hear a shout!
An orc priest comes into view. It is wielding a +0 war axe.
You slash the orc wizard!
The orc wizard is heavily wounded.
The orc wizard barely misses you.
You closely miss the orc wizard.
The orc wizard is heavily wounded.
You block the orc wizard's attack.
An orc comes into view. It is wielding a +0 dagger.
The orc wizard hits you with a +0 dagger.
You barely miss the orc wizard.
The orc wizard is heavily wounded.
The orc wizard misses you.
The orc priest mumbles some strange prayers to Beogh against you.
Beogh smites you!
You closely miss the orc wizard.
The orc wizard is heavily wounded.
The orc wizard points at you and mumbles some strange words.
The magic dart hits you.
The orc priest looks braver for a moment.
You hit the orc wizard.
The orc wizard is heavily wounded.
The orc wizard barely misses you.
You hit the orc wizard.
The orc wizard is severely wounded.
The orc wizard gestures wildly while chanting.
The orc wizard flickers and vanishes!
Deactivating autopickup; reactivate with Ctrl-A.
Something hits you but does no damage.
The orc priest invokes the aid of Beogh against you.
Beogh smites you!
* * * LOW HITPOINT WARNING * * *
You miss something. Something hits you.
* * * LOW HITPOINT WARNING * * *
The orc priest calls down the wrath of Beogh upon you.
Beogh smites you!
You die... ######### # .. .oooor{.#

##.. #@# ....
#.# ...# #.#
...# #.#
...#### #.#
......## #.#
....≈≈≈# #.#
....≈.≈# #.#
....≈.≈######
#.#


You could see 2 orc priests, 2 orcs and a rat.

Vanquished Creatures
  An adder (D:3)
  A worm (D:2)
  4 dart slugs
  4 ball pythons
  8 bats
  8 endoplasms
  3 giant cockroaches
  4 goblins
  7 hobgoblins
  4 jackals (D:2)
  6 kobolds
  2 quokkas
  A frilled lizard (D:1)
  5 rats
58 creatures vanquished.

Notes
Turn   | Place    | Note
-------+----------+-------------------------------------------
     0 | D:1      | seaoflcl the Human Fighter began the quest for the Orb.
     0 | D:1      | Reached XP level 1. HP: 18/18 MP: 1/1
    79 | D:1      | Reached XP level 2. HP: 16/24 MP: 2/2
   232 | D:1      | Reached XP level 3. HP: 29/29 MP: 3/3
   987 | D:2      | Found Rassogiq's Antique Armour Emporium.
  1242 | D:2      | Reached XP level 4. HP: 31/35 MP: 4/4
  2614 | D:3      | Killed from afar by an orc priest

Illustrated notes

Levels and vault maps discovered:
D:1:      matt_arrival_los_fun, layout_basic, serial_forest,
          infiniplex_forest_clump_small, infiniplex_forest_lined_room_2,
          infiniplex_forest_straight_4, infiniplex_forest_split,
          infiniplex_forest_split, infiniplex_forest_lined_3_way,
          infiniplex_forest_end_2, infiniplex_forest_3_way,
          infiniplex_forest_clump_small, grunt_decor_cap
D:2:      layout_basic, serial_shops, shop
D:3:      layout_basic, beargit_hepliaklqana_dungeon_heroes,
          ebering_ghost_rock_garden, serial_rivers,
          chequers_serial_rivers_room_a, chequers_serial_rivers_micro_d,
          chequers_serial_rivers_micro_c, chequers_serial_rivers_large_b,
          chequers_serial_rivers_micro_d, corexii_hall_statues_l

Skill      XL: |  1  2  3  4 |
---------------+-------------+-----
Long Blades    | 3 |  3.1
Fighting       | |  3.6
Ranged Weapons | |  0.6
Armour         | |  3.4
Dodging        | |  0.3
Shields        | |  3.3

Action                     |  1- 3 |  4- 6 || total
---------------------------+-------+-------++-------
  Melee: Long sword        |   100 |   107 ||   207
  Throw: Stone             |       |     1 ||     1
 Armour: Scale mail        |    65 |    79 ||   144
  Dodge: Dodged            |    32 |    67 ||    99
  Block: Buckler           |    24 |    34 ||    58
